Map: 데스오라 - 래더

Players

Solar

  • Race: Zerg Zerg
  • Spawn Location: 5:00

Denver - Winner!

  • Race: Zerg Zerg
  • Spawn Location: 11:00

Event: StayAtHomestory Cup #2

VOD

Have the link to the VOD?

Description

Time

  • Played on: June 12, 2020, 9:39 a.m.
  • Length: 6:26

All games in this series

Show
View Real Time Build Order
Export as new Build Order

Solar Zerg 

Build Orders: Hatch First 

Get SALT Encoding   

  12  0:01  Drone  
  13  0:12  Overlord  
  13  0:17  Drone  
  14  0:31  Drone x2  
  16  0:48  Hatchery  
  15  0:51  Drone  
  15  0:54  Drone  
  17  0:57  Drone  
  18  1:09  Extractor  
  17  1:12  Spawning Pool  
  17  1:16  Drone  
  17  1:19  Drone  
  18  1:29  Drone  
  19  1:39  Drone  
  20  1:52  Overlord  
  20  1:59  Queen x2  
  20  2:00  Zergling x2  
  20  2:01  Drone  
  26  2:10  Metabolic Boost  
  26  2:12  Drone x2  
  28  2:22  Drone x2  
  30  2:35  Hatchery  
  30  2:36  Drone  
  30  2:39  Drone  
  31  2:44  Drone  
  32  2:52  Baneling Nest  
  32  2:53  Overlord  
  32  2:54  Drone  
  32  2:57  Zergling x2  
  32  3:05  Drone  
  33  3:06  Drone  
  33  3:09  Zergling x2  
  33  3:11  Drone x4  
  39  3:16  Evolution Chamber, Zergling x2  
  39  3:18  Drone  
  40  3:23  Overlord  
  40  3:30  Zergling x2  
  40  3:31  Drone  
  42  3:40  Zergling x2  
  43  3:42  Queen  
  43  3:44  Baneling  
  43  3:45  Zergling x6  
  43  3:47  Drone x2, Zerg Melee Weapons Level 1  
  49  3:48  Drone  
  49  3:50  Drone  
  49  3:53  Overlord  
  51  3:58  Drone  
  51  4:00  Drone x2  
  54  4:06  Extractor, Overlord  
  54  4:09  Drone  
  54  4:11  Lair  
  54  4:12  Drone  
  54  4:13  Drone  
  54  4:14  Drone  
  54  4:16  Zergling x2  
  54  4:17  Zergling x2  
  59  4:20  Zergling x2  
  59  4:21  Zergling x2  
  59  4:22  Zergling x4  
  62  4:29  Extractor, Drone  
  62  4:30  Drone  
  62  4:31  Extractor  
  62  4:33  Overlord  
  62  4:34  Drone  
  63  4:43  Baneling  
  63  4:44  Baneling  
  63  4:45  Drone x2  
  65  4:47  Drone x3  
  65  4:49  Drone  
  65  4:50  Drone  
  65  4:51  Zergling x2  
  65  4:52  Overlord  
  71  4:53  Drone  
  71  4:55  Drone  
  71  4:58  Drone  
  73  5:00  Drone, Baneling  
  73  5:01  Drone, Baneling  
  73  5:02  Drone  
  73  5:04  Drone  
  77  5:08  Extractor x2  
  77  5:11  Zergling x4  
  77  5:15  Overlord  
  77  5:16  Spire  
  77  5:19  Drone  
  77  5:20  Zergling x12  
  78  5:21  Baneling x2  
  78  5:27  Spine Crawler, Zergling x4  
  78  5:31  Zergling x2  
  78  5:33  Zergling x2  
  78  5:35  Spine Crawler, Zergling x6  
  79  5:37  Zergling x2  
  79  5:41  Zergling x2  
  73  5:46  Zergling x2  
  73  5:49  Zergling x2  
  71  5:51  Spine Crawler, Zergling x2  
  71  5:54  Spine Crawler  
  68  5:57  Zergling x2  
  68  5:59  Zergling x2  
  68  6:01  Zergling x2  
  68  6:02  Zergling x2  
  65  6:17  Spine Crawler  
Show
View Real Time Build Order
Export as new Build Order

Denver Zerg - Winner!

Build Orders: Hatch First 

Get SALT Encoding   

  12  0:03  Drone  
  13  0:13  Overlord  
  13  0:17  Drone  
  14  0:31  Drone  
  14  0:32  Drone  
  16  0:48  Hatchery  
  15  0:52  Drone  
  15  0:56  Drone  
  17  0:59  Drone  
  18  1:10  Extractor  
  17  1:15  Spawning Pool  
  17  1:18  Drone  
  17  1:21  Drone  
  18  1:29  Drone  
  19  1:41  Drone  
  20  1:53  Drone  
  21  2:01  Overlord  
  21  2:02  Queen x2  
  21  2:03  Zergling x2  
  26  2:10  Metabolic Boost  
  26  2:12  Drone  
  26  2:13  Drone  
  28  2:22  Zergling x2  
  29  2:24  Drone  
  30  2:36  Hatchery  
  29  2:38  Drone  
  29  2:40  Drone  
  31  2:46  Baneling Nest  
  31  2:49  Drone  
  31  2:54  Drone x2  
  31  2:58  Overlord  
  33  3:09  Drone x3  
  35  3:14  Overlord  
  35  3:17  Zergling x6  
  35  3:18  Zergling x2  
  39  3:24  Overlord  
  39  3:26  Drone  
  40  3:30  Evolution Chamber  
  40  3:34  Drone x2  
  41  3:42  Drone x3  
  41  3:43  Drone x2  
  41  3:47  Extractor  
  45  3:49  Queen  
  45  3:51  Zergling x2  
  45  3:53  Zergling x2  
  49  3:57  Overlord  
  48  4:04  Overlord x2  
  48  4:09  Roach Warren  
  47  4:12  Zerg Missile Weapons Level 1  
  47  4:20  Zergling x2  
  47  4:21  Zergling x8  
  51  4:35  Overlord  
  51  4:39  Baneling x2  
  51  4:50  Roach  
  51  4:51  Roach x8  
  68  4:55  Roach  
  69  5:00  Zergling x8  
  69  5:06  Roach x2  
  76  5:14  Zergling x10  
  80  5:26  Zergling x8  
  80  5:28  Ravager  
  85  5:32  Zergling x10  
  85  5:34  Roach  
  91  5:42  Zergling x2  
  88  5:47  Zergling x12  
  86  5:55  Zergling x4  
  84  5:59  Ravager  
  84  6:01  Baneling x2, Ravager  
  84  6:02  Baneling x2  
  84  6:04  Zergling x2  
  86  6:08  Zergling x6  
Tags
 
Add a new tag
Caveats
  • Supply blocks, unpowered buildings, or Contaminate may cause inaccurate times.
  • Supply counts are checked every 10 seconds.